[ AOE2 MATCH · #504922628 ]
UnrankedKoreans vs Goths
Player's team · LOSS
Rival team · WIN
[ REPLAY ANALYSIS · EXTRACTED FROM THE RECORDED GAME ]
Feudal
13:54
Castle
—
Imperial
—
| APM avg | 57.8 |
| APM peak | 96 |
| eAPM avg | 25.2 |
| Villagers / military | 69 / 4 |
Focus
⚔️ 29.5% · 🌾 70.5%
Archer ×3 · Militia ×1
Feudal
13:17
Castle
21:24
Imperial
—
| APM avg | 26.7 |
| APM peak | 56 |
| eAPM avg | 18.7 |
| Villagers / military | 52 / 19 |
Focus
⚔️ 23.2% · 🌾 76.8%
Militia ×16 · Battering Ram ×3
Match map
Initial resources + every placement click. Lines = walls · curves = elevation contours. ◆ gold · ⬟ stone · ● berries · ✦ relic · ◌ wall gap
Your base· ✓ Closed at 21:57 · 20t walls · 1 gate(s)
Funebrero's base· ✓ Closed at 21:24 · 34t walls · 1 gate(s)
Smoothed initial terrain · ◌ = detected wall gap · hover for details
Inputs per minute
— Rodmantis - - Funebrero
Build order — Rodmantis
139 actions detected in the replay
| 0:00 | Queue | Villager (Male) |
| 0:00 | Queue | Villager (Male) |
| 0:01 | Queue | Villager (Male) |
| 0:02 | Build | House |
| 0:03 | Build | House |
| 0:08 | Queue | Villager (Male) |
| 0:14 | Research | Loom |
| 0:27 | Queue | Villager (Male) |
| 0:27 | Queue | Villager (Male) |
| 0:28 | Queue | Villager (Male) |
| 0:28 | Queue | Villager (Male) |
| 1:04 | Build | Palisade Wall |
| 1:43 | Build | Palisade Wall |
| 1:44 | Build | Palisade Wall |
| 1:50 | Build | Palisade Gate |
| 3:26 | Queue | Villager (Male) |
| 3:34 | Build | Palisade Wall |
| 3:37 | Build | Palisade Wall |
| 3:56 | Build | Palisade Wall |
| 4:09 | Queue | Villager (Male) |
| 4:56 | Queue | Villager (Male) |
| 5:02 | Build | Palisade Wall |
| 5:18 | Build | Palisade Wall |
| 5:19 | Build | Palisade Wall |
| 5:28 | Queue | Villager (Male) |
| 5:32 | Build | House |
| 5:54 | Queue | Villager (Male) |
| 5:59 | Build | House |
| 6:12 | Queue | Villager (Male) |
| 6:35 | Build | Palisade Gate |
| 6:42 | Queue | Villager (Male) |
| 6:42 | Queue | Villager (Male) |
| 7:22 | Queue | Villager (Male) |
| 7:22 | Queue | Villager (Male) |
| 7:47 | Build | Lumber Camp |
| 8:14 | Queue | Villager (Male) |
| 8:14 | Queue | Villager (Male) |
| 8:14 | Queue | Villager (Male) |
| 8:31 | Queue | Villager (Male) |
| 8:31 | Queue | Villager (Male) |
| 8:48 | Queue | Villager (Male) |
| 9:05 | Queue | Villager (Male) |
| 9:17 | Build | Mill |
| 9:22 | Build | House |
| 9:26 | Queue | Villager (Male) |
| 9:38 | Queue | Villager (Male) |
| 9:55 | Build | House |
| 10:31 | Queue | Villager (Male) |
| 10:37 | Queue | Villager (Male) |
| 10:49 | Queue | Villager (Male) |
| 10:55 | Queue | Villager (Male) |
| 11:09 | Queue | Villager (Male) |
| 11:23 | Queue | Villager (Male) |
| 11:37 | Research | Feudal Age |
| 12:20 | Build | Barracks |
| 13:02 | Queue | Villager (Male) |
| 13:20 | Queue | Militia |
| 13:33 | Queue | Villager (Male) |
| 13:38 | Build | Mining Camp |
| 13:47 | Build | House |
| 13:54 | Age | Feudal Age |
| 13:56 | Build | House |
| 14:00 | Build | Archery Range |
| 14:03 | Build | Palisade Wall |
| 14:03 | Queue | Villager (Male) |
| 14:16 | Build | Palisade Wall |
| 14:29 | Queue | Villager (Male) |
| 14:37 | Queue | Villager (Male) |
| 14:41 | Queue | Villager (Male) |
| 14:49 | Queue | Villager (Male) |
| 14:57 | Queue | Archer |
| 15:01 | Queue | Villager (Male) |
| 15:06 | Research | Double-Bit Axe |
| 15:12 | Build | Farm |
| 15:12 | Queue | Villager (Male) |
| 15:19 | Queue | Archer |
| 15:23 | Build | House |
| 15:29 | Build | Palisade Wall |
| 15:37 | Build | Farm |
| 15:47 | Queue | Villager (Male) |
| 16:00 | Queue | Archer |
| 16:10 | Build | Watch Tower |
| 16:24 | Queue | Villager (Male) |
| 16:39 | Build | House |
| 16:43 | Build | Palisade Wall |
| 16:49 | Queue | Villager (Male) |
| 16:58 | Queue | Villager (Male) |
| 17:03 | Build | Blacksmith |
| 17:08 | Queue | Villager (Male) |
| 17:11 | Build | Mining Camp |
| 17:19 | Queue | Villager (Male) |
| 17:30 | Queue | Villager (Male) |
| 17:37 | Build | Market |
| 17:42 | Queue | Villager (Male) |
| 17:50 | Research | Fletching |
| 17:53 | Queue | Villager (Male) |
| 18:05 | Queue | Villager (Male) |
| 18:08 | Build | House |
| 18:10 | Research | Wheelbarrow |
| 18:32 | Queue | Villager (Male) |
| 18:41 | Build | Farm |
| 18:51 | Build | House |
| 18:52 | Queue | Villager (Male) |
| 18:55 | Build | House |
| 18:58 | Build | House |
| 19:03 | Build | Palisade Wall |
| 19:03 | Queue | Villager (Male) |
| 19:11 | Queue | Villager (Male) |
| 19:19 | Build | House |
| 19:23 | Queue | Villager (Male) |
| 19:27 | Queue | Villager (Male) |
| 19:30 | Build | Farm |
| 19:37 | Queue | Villager (Male) |
| 19:52 | Queue | Villager (Male) |
| 19:57 | Build | Watch Tower |
| 20:02 | Build | Farm |
| 20:02 | Queue | Villager (Male) |
| 20:14 | Queue | Villager (Male) |
| 20:21 | Queue | Villager (Male) |
| 20:32 | Queue | Villager (Male) |
| 20:43 | Build | Lumber Camp |
| 20:58 | Build | Farm |
| 20:59 | Queue | Villager (Male) |
| 21:13 | Queue | Villager (Male) |
| 21:28 | Queue | Villager (Male) |
| 21:57 | Research | Castle Age |
| 22:03 | Build | Farm |
| 22:14 | Build | House |
| 22:21 | Build | Farm |
| 22:50 | Queue | Villager (Male) |
| 22:54 | Build | Farm |
| 23:01 | Queue | Villager (Male) |
| 23:04 | Build | Outpost |
| 23:10 | Build | Outpost |
| 23:15 | Research | Stone Mining |
| 23:15 | Research | Stone Mining |
| 23:22 | Build | Farm |
| 23:22 | Build | Farm |
| 23:22 | Build | Farm |
Build order — Funebrero
122 actions detected in the replay
| 0:03 | Build | House |
| 0:05 | Build | House |
| 0:10 | Research | Loom |
| 0:12 | Queue | Villager (Male) |
| 0:12 | Queue | Villager (Male) |
| 0:12 | Queue | Villager (Male) |
| 0:12 | Queue | Villager (Male) |
| 0:13 | Queue | Villager (Male) |
| 2:11 | Build | Palisade Wall |
| 2:14 | Build | Palisade Wall |
| 2:23 | Queue | Villager (Male) |
| 2:23 | Queue | Villager (Male) |
| 3:13 | Queue | Villager (Male) |
| 3:14 | Queue | Villager (Male) |
| 3:23 | Build | Palisade Wall |
| 4:09 | Build | Lumber Camp |
| 4:09 | Queue | Villager (Male) |
| 4:10 | Queue | Villager (Male) |
| 4:40 | Queue | Villager (Male) |
| 4:40 | Queue | Villager (Male) |
| 4:40 | Queue | Villager (Male) |
| 5:05 | Queue | Villager (Male) |
| 5:05 | Queue | Villager (Male) |
| 5:19 | Queue | Villager (Male) |
| 5:19 | Queue | Villager (Male) |
| 5:19 | Queue | Villager (Male) |
| 5:38 | Build | House |
| 5:47 | Build | House |
| 6:00 | Queue | Villager (Male) |
| 6:23 | Queue | Villager (Male) |
| 6:23 | Queue | Villager (Male) |
| 6:39 | Queue | Villager (Male) |
| 6:40 | Queue | Villager (Male) |
| 6:45 | Build | Palisade Wall |
| 7:08 | Queue | Villager (Male) |
| 7:09 | Queue | Villager (Male) |
| 7:36 | Queue | Villager (Male) |
| 7:37 | Queue | Villager (Male) |
| 7:37 | Queue | Villager (Male) |
| 7:47 | Build | Barracks |
| 8:19 | Queue | Villager (Male) |
| 8:19 | Queue | Villager (Male) |
| 8:19 | Queue | Villager (Male) |
| 8:19 | Queue | Villager (Male) |
| 8:20 | Queue | Villager (Male) |
| 8:38 | Build | House |
| 8:49 | Queue | Militia |
| 8:49 | Queue | Militia |
| 9:17 | Queue | Militia |
| 9:17 | Queue | Militia |
| 9:27 | Build | Mill |
| 10:10 | Queue | Villager (Male) |
| 10:19 | Build | Mining Camp |
| 10:41 | Queue | Militia |
| 10:46 | Queue | Militia |
| 11:07 | Research | Feudal Age |
| 11:53 | Build | Lumber Camp |
| 12:05 | Queue | Villager (Male) |
| 12:08 | Build | House |
| 12:15 | Queue | Militia |
| 12:46 | Queue | Militia |
| 13:17 | Age | Feudal Age |
| 13:20 | Research | Man-at-Arms (upgrade) |
| 13:21 | Research | Man-at-Arms (upgrade) |
| 13:24 | Build | Watch Tower |
| 13:34 | Research | Double-Bit Axe |
| 13:35 | Queue | Villager (Male) |
| 13:35 | Queue | Villager (Male) |
| 13:35 | Queue | Villager (Male) |
| 13:43 | Build | Market |
| 14:00 | Queue | Militia |
| 14:00 | Queue | Militia |
| 14:01 | Queue | Villager (Male) |
| 14:02 | Queue | Villager (Male) |
| 14:06 | Build | Farm |
| 14:57 | Build | Palisade Gate |
| 15:08 | Queue | Villager (Male) |
| 15:08 | Queue | Villager (Male) |
| 15:18 | Build | Farm |
| 15:33 | Build | House |
| 15:40 | Build | Blacksmith |
| 15:51 | Build | Watch Tower |
| 16:00 | Build | House |
| 16:38 | Research | Fletching |
| 17:05 | Queue | Villager (Male) |
| 17:05 | Queue | Villager (Male) |
| 17:08 | Build | Mining Camp |
| 18:44 | Research | Castle Age |
| 18:44 | Research | Castle Age |
| 19:23 | Research | Horse Collar |
| 19:23 | Research | Horse Collar |
| 19:26 | Build | Farm |
| 19:27 | Build | Farm |
| 20:20 | Queue | Villager (Male) |
| 20:25 | Build | Farm |
| 20:28 | Build | Farm |
| 20:33 | Build | Farm |
| 21:24 | Age | Castle Age |
| 21:25 | Research | Bow Saw |
| 21:25 | Research | Bow Saw |
| 21:31 | Research | Heavy Plow |
| 21:45 | Build | Siege Workshop |
| 21:55 | Queue | Villager (Male) |
| 22:08 | Build | Town Center |
| 22:15 | Queue | Villager (Male) |
| 22:16 | Queue | Villager (Male) |
| 22:16 | Queue | Villager (Male) |
| 22:22 | Queue | Battering Ram |
| 22:22 | Queue | Battering Ram |
| 22:31 | Queue | Villager (Male) |
| 22:31 | Queue | Villager (Male) |
| 22:38 | Build | House |
| 22:55 | Queue | Battering Ram |
| 22:56 | Queue | Militia |
| 22:56 | Queue | Militia |
| 22:57 | Queue | Militia |
| 23:02 | Build | House |
| 23:30 | Queue | Militia |
| 23:30 | Queue | Militia |
| 23:30 | Queue | Militia |
| 23:33 | Build | House |
| 23:34 | Build | House |
Match timeline
| 1:04 | Rodmantis · wall_segment Palisade Wall x1 |
| 1:43 | Rodmantis · wall_segment Palisade Wall x1 |
| 1:44 | Rodmantis · wall_segment Palisade Wall x1 |
| 2:11 | Funebrero · wall_segment Palisade Wall x16 |
| 2:14 | Funebrero · wall_segment Palisade Wall x4 |
| 3:23 | Funebrero · wall_segment Palisade Wall x13 |
| 3:34 | Rodmantis · wall_segment Palisade Wall x1 |
| 3:37 | Rodmantis · wall_segment Palisade Wall x3 |
| 3:56 | Rodmantis · wall_segment Palisade Wall x3 |
| 5:02 | Rodmantis · wall_segment Palisade Wall x1 |
| 5:18 | Rodmantis · wall_segment Palisade Wall x1 |
| 5:19 | Rodmantis · wall_segment Palisade Wall x1 |
| 6:45 | Funebrero · wall_segment Palisade Wall x1 |
| 7:47 | Funebrero · first_building Barracks |
| 12:20 | Rodmantis · first_building Barracks |
| 13:17 | Funebrero · age_up feudal |
| 13:54 | Rodmantis · age_up feudal |
| 14:00 | Rodmantis · first_building Archery Range |
| 14:03 | Rodmantis · wall_segment Palisade Wall x4 |
| 14:16 | Rodmantis · wall_segment Palisade Wall x1 |
| 15:29 | Rodmantis · wall_segment Palisade Wall x1 |
| 15:47 | Funebrero · first_market_buy 100 stone |
| 16:43 | Rodmantis · wall_segment Palisade Wall x1 |
| 18:05 | Funebrero · first_market_sell 100 wood |
| 19:03 | Rodmantis · wall_segment Palisade Wall x1 |
| 21:19 | Rodmantis · first_market_buy 100 food |
| 21:24 | Funebrero · age_up castle |
| 21:45 | Funebrero · first_building Siege Workshop |
| 23:41 | Rodmantis · resign |
[ AI ANALYSIS · 1 CREDIT ]
What really happened in this match?
Wolo.gg analyzes every decision: build order, eco, micro, common mistakes by bracket. Personalized analysis on WhatsApp or Discord in 30 seconds.
Civ guide
Koreans
Perfil
Jugador #560581